 Dungeon Crawl Stone Soup version 0.19-a0-1821-g42c593c (webtiles) character file.

162 KarmaPolice the Charmwright (level 5, -12/36 HPs)
             Began as a High Elf Skald on Oct 6, 2016.
             Killed by divine providence
             ... invoked by an orc priest
              (14 damage)
             ... on level 3 of the Dungeon.
             The game lasted 00:06:28 (3239 turns).

KarmaPolice the Charmwright (High Elf Skald)        Turns: 3239, Time: 00:06:29

Health: -12/36     AC:  3    Str: 12    XL:     5   Next: 19%
Magic:  9/9        EV: 11    Int: 15    God:
Gold:   176        SH:  0    Dex: 15    Spells: 2 memorised, 5 levels left

rFire  . . .     SeeInvis .     a - +0 falchion
rCold  . . .     Gourm    .     b - +0 leather armour
rNeg   . . .     Faith    .     (no shield)
rPois  .         Spirit   .     (no helmet)
rElec  .         Dismiss  .     (no cloak)
rCorr  .         Reflect  .     (no gloves)
MR     .....     Harm     .     (no boots)
Stlth  +.........               (no amulet)
                                (no ring)
                                (no ring)

@: infused
A: no striking features
a: no special abilities


You were on level 3 of the Dungeon.
You were hungry.

You visited 1 branch of the dungeon, and saw 3 of its levels.

You collected 176 gold pieces.

Inventory:

Hand Weapons
 a - a +0 falchion (weapon)
Missiles
 j - 49 arrows
Armour
 b - a +0 leather armour (worn)
 y - a +0 buckler
Jewellery
 A - an uncursed ring of fire
Scrolls
 e - a scroll of immolation {unknown}
 f - 2 scrolls of magic mapping {unknown}
 i - a scroll of blinking {unknown}
 l - 2 scrolls of identify {unknown}
 n - 2 scrolls of noise {unknown}
 o - a scroll of recharging {unknown}
 t - a scroll of enchant weapon {unknown}
 w - a scroll of teleportation {unknown}
 x - a scroll of remove curse {unknown}
Potions
 k - a potion of berserk rage {unknown}
 m - a potion of curing
 p - a potion of mutation {unknown}
 r - a potion of haste {unknown}
 s - a potion of heal wounds {unknown}
 u - a potion of agility {unknown}
 v - a potion of ambrosia
Books
 c - a book of Battle

   Spells                             Type                      Level
   a - Infusion                       Charms                       1
   b - Shroud of Golubria             Charms/Translocation         2
   c - Song of Slaying                Charms                       2
   d - Spectral Weapon                Hexes/Charms                 3
   e - Regeneration                   Charms/Necromancy            3
 z - a book of Enchantments

   Spells                             Type                      Level
   a - Cause Fear                     Hexes                        4
   b - Yara's Violent Unravelling     Hexes/Transmutation          5
   c - Silence                        Hexes/Air                    5
   d - Deflect Missiles               Charms/Air                   6
   e - Discord                        Hexes                        8
Comestibles
 d - 4 bread rations
 g - 2 slices of pizza
 h - a royal jelly
 q - 3 meat rations


   Skills:
 + Level 3.4 Fighting
 + Level 4.0 Long Blades
 + Level 2.4 Armour
 - Level 1.1 Dodging
 - Level 2.4 Spellcasting
 + Level 4.2 Charms


You had 5 spell levels left.
You knew the following spells:

 Your Spells              Type           Power        Failure   Level  Hunger
a - Infusion              Chrm           ##..         6%          1    #......
b - Shroud of Golubria    Chrm/Tloc      #.........   21%         2    ###....


Dungeon Overview and Level Annotations

Branches:
Dungeon (3/15)

Altars:
Dithmenos
Ru

Annotations:
D:3 KarmaPolice's ghost, weakling HESk


Message History

You hit the orc priest.
The orc priest is lightly wounded.
The orc priest hits you with a flail!
You hit the orc priest.
The orc priest is heavily wounded.
The orc priest looks encouraged for a moment.
You hit the orc priest but do no damage.
The orc priest is heavily wounded.
The orc priest calls down the wrath of Beogh upon you.
Beogh smites you!
* * * LOW HITPOINT WARNING * * *
You hit the orc priest but do no damage.
The orc priest is heavily wounded.
The orc priest barely misses you.
You hit the orc priest but do no damage.
The orc priest is heavily wounded.
Your shroud unravels.
The orc priest invokes the aid of Beogh against you.
Beogh smites you!
You die...

#.....# #.#.##.# .W..###
#.#.##.# #...# #...).<#
####### #...#########.####
#.....#
...†........#.######.....#
..........#.#............#
..o.........####..##.>...#
#...###.......##..##.....#
#...# #.##.##..o@....#####
#...# # #.##..#..##.####
#...#
#..............#####.#
####....###..§......)#
#.#####.......#§#..######
#.......#....#§§§#..#
####.#.##.###§#§#.#.# #.
## #...§§§§.§§.# ..
#..###§#.#.###


You could see an orc priest.

Vanquished Creatures
  An orc priest (D:3)
  6 adders
  An ooze (D:2)
  A worm (D:2)
  2 dart slugs
  2 leopard geckos
  An orc (D:3)
  3 giant cockroaches
  6 goblins
  2 hobgoblins (D:2)
  8 jackals
  A quokka (D:2)
  A ball python (D:3)
  12 bats
  6 frilled lizards
  7 kobolds
  7 rats
67 creatures vanquished.

Notes
Turn   | Place    | Note
-------+----------+-------------------------------------------
     0 | D:1      | KarmaPolice the High Elf Skald began the quest for the Orb.
     0 | D:1      | Reached XP level 1. HP: 14/14 MP: 4/4
    22 | D:1      | Reached skill level 1 in Armour
   147 | D:1      | Reached XP level 2. HP: 20/20 MP: 6/6
   687 | D:2      | Learned a level 2 spell: Shroud of Golubria
   807 | D:2      | Reached XP level 3. HP: 17/26 MP: 0/7
  1331 | D:2      | Found a sacrificial altar of Ru.
  1699 | D:2      | Reached XP level 4. HP: 30/31 MP: 8/8
  2656 | D:3      | Noticed KarmaPolice's ghost (weakling HESk)
  2928 | D:3      | Reached XP level 5. HP: 10/36 MP: 2/9
  3181 | D:3      | Found a shadowy altar of Dithmenos.
  3239 | D:3      | Killed from afar by an orc priest

Vault maps used:
D:1:      erik_arrival_blinker_ship
D:2:      st_stairs_13, nicolae_ru_sacrificial_ziggurat
D:3:      grunt_dithmenos_smoke_and_mirrors, first_bread

Skill      XL: |  1  2  3  4 |
---------------+-------------+-----
Armour         | 1 2 |  2.4
Fighting       | 3 |  3.4
Long Blades    | 3 4 |  4.0
Charms         | 4 |  4.2
Dodging        | |  1.1
Spellcasting   | |  2.4

Action                   |  1- 3 |  4- 6 || total
-------------------------+-------+-------++-------
Melee: Falchion          |    98 |   103 ||   201
 Cast: Infusion          |     5 |     5 ||    10
       Shroud of Golubri |     3 |     6 ||     9
  Use: Potion            |       |     2 ||     2
 Stab: Sleeping          |       |     2 ||     2
  Eat: Chunk             |     3 |     5 ||     8
Armor: Leather armour    |    31 |    36 ||    67
Dodge: Dodged            |    68 |    66 ||   134
       Rpst.: Falchion   |    24 |    21 ||    45
